 Dungeon Crawl Stone Soup version 0.28-b1-25-g9875b3fc8c (webtiles) character file.

Game seed: 7945424782319249800

4 sanka the Sneak (level 1, -2/11 HPs)
             Began as a Tengu Enchanter on Feb 5, 2022.
             Slain by a jackal (3 damage)
             ... on level 1 of the Dungeon.
             The game lasted 00:00:11 (81 turns).

sanka the Sneak (Tengu Enchanter)                     Turns: 81, Time: 00:00:12

Health: -2/11      AC:  2    Str:  8    XL:     1   Next: 70%
Magic:  4/4        EV: 12    Int: 15    God:
Gold:   0          SH:  0    Dex: 14    Spells: 4/4 levels left

rFire   . . .      SeeInvis .   a - +1 dagger
rCold   . . .      Faith    .   (no shield)
rNeg    . . .      Spirit   .   b - +0 robe
rPois   .          Reflect  .   (helmet restricted)
rElec   .          Harm     .   (no cloak)
rCorr   .          Rampage  .   (no gloves)
Will    .....                   (boots unavailable)
Stlth   ++........              (no amulet)
HPRegen 0.03/turn               (no ring)
MPRegen 0.09/turn               (no ring)

@: no status effects
A: beak, talons 3
a: no special abilities


You were on level 1 of the Dungeon.
You visited 1 branch of the dungeon, and saw 1 of its levels.

Inventory:

Hand Weapons
 a - a +1 dagger (weapon)
Armour
 b - a +0 robe (worn)
Potions
 c - a potion of invisibility


   Skills:
 + Level 0.7 Fighting
 - Level 1.1 Short Blades
 + Level 2.4 Dodging
 - Level 3.0 Stealth
 - Level 2.0 Spellcasting
 - Level 2.1 Hexes


You had 4 spell levels left.
You didn't know any spells.
Your spell library contained the following spells:

 Spells                   Type           Power      Damage    Failure   Level
 Ensorcelled Hibernation  Hex/Ice        8%         N/A       22%         2
 Confusing Touch          Hex            8%         N/A       26%         3
 Tukima's Dance           Hex            8%         N/A       26%         3
 Dazzling Flash           Conj/Hex       8%         N/A       38%         3


Dungeon Overview and Level Annotations

Branches:
Dungeon (1/15)

Altars:


Innate Abilities, Weirdness & Mutations

You have a beak for a mouth.
You have claws for feet.


Message History

You escape the ball python's grasp.
You closely miss the kobold. Your kick misses the kobold.
The kobold hits you with a +0 short sword.
* * * LOW HITPOINT WARNING * * *
You are too injured to fight recklessly!
You are too injured to fight recklessly!
You are too injured to fight recklessly!
You are too injured to fight recklessly!
You are too injured to fight recklessly!
You are too injured to fight recklessly!
You are too injured to fight recklessly!
You are too injured to fight recklessly!
You are too injured to fight recklessly!
You are too injured to fight recklessly!
You are too injured to fight recklessly!
You are too injured to fight recklessly!
You are too injured to fight recklessly!
You are too injured to fight recklessly!
You are too injured to fight recklessly!
You are too injured to fight recklessly!
You are too injured to fight recklessly!
You are too injured to fight recklessly!
You are too injured to fight recklessly!
You are too injured to fight recklessly!
You hit the kobold but do no damage. You claw the kobold.
You kill the kobold!
You closely miss the jackal. You claw the jackal.
The jackal is moderately wounded.
The jackal barely misses you.
You miss the jackal. Your kick misses the jackal.
The jackal is moderately wounded.
The jackal closely misses you. The jackal bites you.
* * * LOW HITPOINT WARNING * * *
You miss the jackal. Your kick misses the jackal.
The jackal is moderately wounded.
The jackal misses you.
You hit the jackal but do no damage. You peck the jackal.
The jackal is almost dead.
The jackal bites you.
You die...

#.# #...###.......###
#.#####...##'''''##.. .#.##
##.(...........# ###.#
####....#####.## #+## .#[##
#........# ###...## #.##
#.###.##.# ......# ..# #.#
#.##.## ##.......
..#####.###...#.####J.......
................@hghS.......
..#####†#####...####........
..# #........## ##.......
#.# ########.# #.....# #.#
#.# #...## ... ... #+## #..
.... ###


You could see an endoplasm, 2 jackals, a goblin and a ball python.

Vanquished Creatures
  A giant cockroach (D:1)
  2 quokkas (D:1)
  A kobold (D:1)
4 creatures vanquished.

Notes
Turn   | Place    | Note
-------+----------+-------------------------------------------
     0 | D:1      | sanka the Tengu Enchanter began the quest for the Orb.
     0 | D:1      | Reached XP level 1. HP: 10/10 MP: 4/4
    81 | D:1      | Slain by a jackal

Illustrated notes

Levels and vault maps discovered:
D:1:      lordsloth_arrival_two_stooges, layout_loops_corners,
          shapermc_ecumenical_altar_mp_urbaneastern

Action                   || total
-------------------------++-------
Melee: Dagger            ||    10
       Kick              ||     2
       Peck              ||     1
 Stab: Sleeping          ||     3
Dodge: Dodged            ||     5
